 Dungeon Crawl Stone Soup version 0.32-a0-131-g9dbbe29261 (webtiles) character file.

Game seed: 18079638558547591025

56 Dittersdorf the Covered (level 3, -2/24 HPs)
             Began as a Gargoyle Fighter on Feb 8, 2024.
             Slain by an orc
             ... wielding a +0 trident
              (5 damage)
             ... on level 3 of the Dungeon.
             The game lasted 00:01:32 (1562 turns).

Dittersdorf the Covered (Gargoyle Fighter)          Turns: 1562, Time: 00:01:32

Health: -2/24      AC: 11    Str: 21    XL:     3   Next: 95%
Magic:  3/3        EV:  9    Int:  8    God:
Gold:   107        SH:  4    Dex:  9    Spells: 2/2 levels left

rFire   . . .        a - +0 flail
rCold   . . .        c - +0 buckler
rNeg    + . .        b - +0 scale mail
rPois   ∞            (no helmet)
rElec   +            (no cloak)
rCorr   .            l - +0 pair of gloves
SInv    .            (no boots)
Will    +....        (no amulet) Stlth
                     o - ring of willpower
HPRegen 0.24/turn    (no ring)
MPRegen 0.08/turn

%: no passive effects
@: no status effects
A: sickness immunity, AC +3, negative energy resistance 1, electricity
resistance, torment resistance 1, petrification resistance
a: no special abilities


You were on level 3 of the Dungeon.
You visited 1 branch of the dungeon, and saw 3 of its levels.

You collected 107 gold pieces.

Inventory:

Hand Weapons
 a - a +0 flail (weapon)
Armour
 b - a +0 scale mail (worn)
 c - a +0 buckler (worn)
 l - a +0 pair of gloves (worn)
 q - a +0 plate armour
Jewellery
 o - a ring of willpower (left hand)
Scrolls
 f - a scroll of immolation {unknown}
 h - a scroll of noise {unknown}
 i - 2 scrolls of teleportation {unknown}
 j - 2 scrolls of identify {unknown}
 k - a scroll of fog {unknown}
 m - a scroll of revelation {unknown}
 n - a scroll of blinking {unknown}
 p - a scroll of enchant weapon {unknown}
Potions
 d - a potion of might
 e - 4 potions of curing {unknown}
 g - a potion of attraction {unknown}
 r - 2 potions of invisibility {unknown}


   Skills:
 + Level 3.8 Fighting
 + Level 2.6 Maces & Flails
 + Level 3.8 Armour
 + Level 3.8 Shields


You had 2 spell levels left.
You didn't know any spells.
Your spell library contained the following spells:

 Spells                   Type           Power      Damage    Failure   Level
 Dazzling Flash           Conj/Hex       0%         N/A       99%         3
 Gell's Gravitas          Tloc           0%         N/A       99%         3
 Teleport Other           Tloc           0%         N/A       99%         3
 Volatile Blastmotes      Fire/Tloc      0%         2d10      99%         3
 Dispersal                Tloc           0%         N/A       100%        6
 Starburst                Conj/Fire      0%         6d3       100%        6
 Maxwell's Capacitive Co  Air            0%         ∞         100%        8


Dungeon Overview and Level Annotations

Branches:
Dungeon (3/15)

Altars:
Sif Muna


Innate Abilities, Weirdness & Mutations

You are immune to sickness and miasma.
Your stone body is resilient. (AC +3)
You are immune to poison.
You resist negative energy. (rN+)
You are resistant to electric shocks. (rElec)
You are resistant to unholy torment.
You are immune to petrification.


Message History

You are too injured to fight recklessly!
You are too injured to fight recklessly!
You are too injured to fight recklessly!
You are too injured to fight recklessly!
You hit the orc priest.
The orc priest is moderately wounded.
The orc priest hits you with a +0 flail.
* * * LOW HITPOINT WARNING * * *
You block the orc's attack.
You closely miss the orc priest.
The orc priest is moderately wounded.
The orc priest barely misses you.
The orc hits you from afar with a +0 trident.
* * * LOW HITPOINT WARNING * * *
You closely miss the orc priest.
The orc priest is moderately wounded.
The orc priest casts a cantrip, but nothing happens.
The orc completely misses you.
You closely miss the orc priest.
The orc priest is moderately wounded.
The orc priest invokes the aid of Beogh against you.
You resist with significant effort. The orc hits you but does no damage.
You block the orc's attack.
The orc priest calls down the wrath of Beogh upon you.
You resist with significant effort.
You hit the orc priest.
The orc priest is heavily wounded.
The orc priest misses you. You block the orc's attack.
You barely miss the orc priest.
The orc priest is heavily wounded.
The orc priest barely misses you. The orc barely misses you.
Unknown command.
You hit the orc priest.
The orc priest is severely wounded.
The orc priest barely misses you. You block the orc's attack.
You hit the orc priest.
The orc priest is almost dead.
The orc priest hits you but does no damage.
The orc hits you from afar with a +0 trident.
You die...

######....#.##
...............
##.........%.##
##.............
##........##.#.#
########### ...#
......# .>
......#
############.
......#
#....@oooo...
....).#
#.###########
......# #.#
......# #.#
......# #.#
......# #.#
####### #.# #
#.# # #.#


You could see an orc priest and 3 orcs.

Vanquished Creatures
  2 dart slugs
  2 ribbon worms (D:2)
  3 orcs (D:3)
  6 ball pythons
  2 giant cockroaches (D:1)
  A goblin (D:1)
  6 hobgoblins
  5 jackals
  A quokka (D:1)
  A bat (D:3)
  2 frilled lizards (D:1)
  6 kobolds
  6 rats
43 creatures vanquished.

Notes
Turn   | Place    | Note
-------+----------+-------------------------------------------
     0 | D:1      | Dittersdorf the Gargoyle Fighter began the quest for the
                  | Orb.
     0 | D:1      | Reached XP level 1. HP: 14/14 MP: 1/1
   110 | D:1      | Found a faded altar of an unknown god.
   116 | D:1      | Reached XP level 2. HP: 18/19 MP: 2/2
   544 | D:1      | Reached XP level 3. HP: 23/23 MP: 3/3
  1421 | D:3      | Found a shimmering blue altar of Sif Muna.
  1556 | D:3      | HP: 1/24 [orc/+0 trident (5)]
  1562 | D:3      | Slain by an orc

Illustrated notes

Levels and vault maps discovered:
D:1:      roderic_octagonal_star, layout_basic, shapermc_ecumenical_altar_gd
D:2:      layout_rooms
D:3:      layout_basic, mainiacjoe_overflow_six_doors_small, marbit_many_paths,
          mainiacjoe_overflow_large_starburst, dreamdust_mushroom_princess,
          st_stairs_7, uniq_terence

Action                     || total
---------------------------++-------
  Melee: Flail             ||   188
 Armour: Scale mail        ||   164
  Dodge: Dodged            ||   112
  Block: Buckler           ||    46

Table legend: (Time is in decaauts)
 A = Elapsed time spent in this place.
 B = Non-inter-level travel time spent in this place.
 C = Inter-level travel time spent in this place.
 D = Time resting spent in this place.
 E = Time spent auto-exploring this place.
 F = Levels seen in this place.
 G = Mean time per level.
                   A        B        C        D        E       F      G
               +--------+--------+--------+--------+--------+-----+--------+
         Total |   1618 |   1570 |     48 |      0 |   1155 |   3 |  539.3 |
       Dungeon |   1618 |   1570 |     48 |      0 |   1155 |   3 |  539.3 |
               +--------+--------+--------+--------+--------+-----+--------+

Top non-repeatable levels by time:
     D:1: 846 daAuts
     D:2: 506 daAuts
     D:3: 265 daAuts
